 Dungeon Crawl Stone Soup version 0.19-a0-1225-gf887c1c (webtiles) character file.

5030 Kurtz the Ogre Mage (level 10, -15/83 HPs)
             Began as an Ogre Conjurer on Aug 25, 2016.
             Was a Believer of Vehumet.
             Killed by the air
             ... invoked by Gastronok
              (21 damage)
             ... on level 7 of the Dungeon.
             The game lasted 00:48:49 (16968 turns).

Kurtz the Ogre Mage (Ogre Conjurer)                Turns: 16968, Time: 00:48:50

Health: -15/83     AC:  8    Str: 13 (15) XL:     10   Next: 55%
Magic:  3/27       EV: 12    Int: 17      God:    Vehumet [**....]
Gold:   460        SH:  0    Dex: 10 (12) Spells: 9 memorised, 7 levels left

rFire  . . .     SeeInvis .     z - +0 blowgun
rCold  . . .     Gourm    .     a - +0 robe
rNeg   + . .     Faith    .     (no shield)
rPois  .         Spirit   .     (helmet restricted)
rElec  .         Dismiss  .     j - +0 cloak
rCorr  .         Reflect  .     (gloves unavailable)
MR     +....     Harm     .     (boots unavailable)
Stlth  +.........               (no amulet)
                                x - ring of positive energy
                                p - +4 ring of protection

@: slowed, very slow
A: unfitting armour, antennae 1, hooves 1, repulsion field 1, agile 1,
deterioration 1, tough skin 1
a: Renounce Religion


You were on level 7 of the Dungeon.
You worshipped Vehumet.
Vehumet was pleased with you.
You were not hungry.

You visited 2 branches of the dungeon, and saw 9 of its levels.

You collected 460 gold pieces.

Inventory:

Hand Weapons
 s - a +2 flail of protection
 u - a +0 quarterstaff
 z - a +0 blowgun (weapon)
 A - a +0 giant club
 G - a +0 dagger of chaos
Missiles
 D - 11 poisoned needles (quivered)
 J - 2 tomahawks
Armour
 a - a +0 robe (worn)
 j - a +0 cloak (worn)
Magical Staves
 f - an uncursed staff of air
Jewellery
 p - a +4 ring of protection (left hand)
 x - a ring of positive energy (right hand)
Wands
 d - a wand of hasting (3/9)
 g - a wand of acid (0/15)
 r - a wand of disintegration (0/24)
 B - a wand of acid (0/15)
 L - a wand of lightning (0/15)
 M - a wand of confusion (37/48)
Scrolls
 e - a scroll of teleportation
 k - 6 scrolls of magic mapping
 l - 2 scrolls of remove curse
 n - a scroll of random uselessness {unknown}
 o - 2 scrolls of fog
 t - a scroll of immolation {unknown}
 w - 2 scrolls of recharging
 y - a scroll of noise {unknown}
Potions
 h - 4 potions of curing
 v - a potion of haste {unknown}
 C - a potion of cure mutation
 E - 2 potions of cancellation {unknown}
 F - 2 potions of ambrosia {unknown}
 H - a potion of might
 K - 2 potions of brilliance {unknown}
Books
 b - a book of Conjurations

   Spells                             Type                      Level
   a - Magic Dart                     Conjuration                  1
   b - Searing Ray                    Conjuration                  2
   c - Dazzling Spray                 Conjuration/Hexes            3
   d - Fulminant Prism                Conjuration/Hexes            4
   e - Iskenderun's Mystic Blast      Conjuration                  4
   f - Iskenderun's Battlesphere      Conjuration/Charms           5
 q - a book of Debilitation

   Spells                             Type                      Level
   a - Corona                         Hexes                        1
   b - Slow                           Hexes                        2
   c - Gell's Gravitas                Hexes/Translocation          3
   d - Inner Flame                    Hexes/Fire                   3
   e - Cause Fear                     Hexes                        4
   f - Leda's Liquefaction            Hexes/Earth                  4
 I - the Disquisition on Assistive Heat
   (You found it on level 8 of the Dungeon)

   Spells                             Type                      Level
   a - Infusion                       Charms                       1
   b - Ozocubu's Armour               Charms/Ice                   3
   c - Spectral Weapon                Hexes/Charms                 3
   d - Bolt of Magma                  Conjuration/Fire/Earth       5
   e - Iskenderun's Battlesphere      Conjuration/Charms           5
Comestibles
 c - 5 bread rations
 m - 6 meat rations


   Skills:
 + Level 0.6 Fighting
 - Level 3.3(4.6) Maces & Flails
 * Level 3.3(3.7) Staves
 + Level 1.8 Dodging
 - Level 1.5 Stealth
 * Level 13.0 Spellcasting
 + Level 6.7 Conjurations
 - Level 0.1 Air Magic


You had 7 spell levels left.
You knew the following spells:

 Your Spells              Type           Power        Failure   Level  Hunger
a - Magic Dart            Conj           ####         1%          1    None
b - Searing Ray           Conj           ####..       1%          2    None
c - Iskenderun's Mystic   Conj           ####....     4%          4    ##.....
d - Iskenderun's Battles  Conj/Chrm      ###.....     45%         5    ####...
e - Fulminant Prism       Conj/Hex       ###.......   17%         4    ##.....
f - Shock                 Conj/Air       ###.         1%          1    None
g - Gell's Gravitas       Hex/Tloc       ##........   21%         3    None
h - Ozocubu's Armour      Chrm/Ice       ##......     21%         3    None
i - Bolt of Magma         Conj/Fire/Erth ###.......   71%         5    ####...


Dungeon Overview and Level Annotations

Branches:
Dungeon (8/15)             Temple (1/1) D:6
   Lair: D:8-11

Altars:
Ashenzari
Dithmenos
Elyvilon
Fedhas
Gozag
Hepliaklqana
Kikubaaqudgha
Makhleb
Okawaru
Qazlal
Ru
Sif Muna
Trog
Uskayaw
Vehumet
Xom
Yredelemnul
Zin
The Shining One

Annotations:
D:7 Gastronok


Innate Abilities, Weirdness & Mutations

You are too large for most types of armour.
You have tough skin. (AC +1)
You have a pair of small antennae on your head.
You have large cloven feet.
You are surrounded by a mild repulsion field. (EV +2)
You are agile. (Dex +2)
Your body sometimes deteriorates upon taking damage.


Message History

Gastronok is almost dead.
Gastronok waves his eye-stalks in wide circles.
The air twists around and strikes you!
* * * LOW HITPOINT WARNING * * *
Your body deteriorates!
You feel weakened.
Firing (i - inventory. (,) - cycle):
D - 13 poisoned needles (quivered)
Press: ? - help, Shift-Dir - straight line, f/p - Gastronok
Aim: Gastronok, wearing the +3 hat of Pondering {ponderous, MR+ MP+10 Int+5} (almost dead, poisoned)
You shoot a poisoned needle. The poisoned needle hits Gastronok.
Gastronok looks as sick as possible!
Gastronok is almost dead.
Firing (i - inventory. (,) - cycle):
D - 12 poisoned needles (quivered)
Press: ? - help, Shift-Dir - straight line, f/p - Gastronok
Aim: Gastronok, wearing the +3 hat of Pondering {ponderous, MR+ MP+10 Int+5} (almost dead, poisoned)
You shoot a poisoned needle. The poisoned needle hits Gastronok.
Gastronok looks as sick as possible!
Gastronok is almost dead.
Gastronok waves his eye-stalks in wide circles.
The air twists around and strikes you!
You die...

.....................#
#....................#
##..#................##
###.#.................#
.....#...............##
..............(.).)..#
..............(..>...#
.............(......####
............(...@...##.#
...........(........#.#
..........(..........##
......#..............#
#..####..(......w..(.#
#..# #..#...........##
#.## #..#............#
#.# ##.##..<.....####
#.# #w##........#


You could see Gastronok.

Vanquished Creatures
  Psyche (D:8)
  Joseph (D:8)
  Prince Ribbit (D:7)
  A spriggan (D:7)
  3 orc warriors
  A phantom (D:7)
  2 ice beasts
  3 sky beasts
  4 ogres
  2 centaurs
  A necrophage (D:8)
  2 big kobolds (D:7)
  4 giant frogs
  5 scorpions
  9 killer bees
  4 crimson imps
  3 howler monkeys (D:7)
  3 jellies
  3 orc priests (D:4)
  A giant frog skeleton (D:4)
  4 hounds
  2 iguanas
  Ijyb (D:6)
  11 orc wizards
  10 worker ants
  A hound zombie (D:7)
  A hound skeleton (D:6)
  A howler monkey zombie (D:8)
  8 gnolls
  11 adders
  3 shadow imps
  An ooze (D:4)
  An adder skeleton (D:4)
  3 worms
  2 dart slugs (D:2)
  5 giant geckos
  29 orcs
  4 ball pythons
  4 giant cockroaches
  15 goblins
  5 hobgoblins
  24 jackals
  6 quokkas
  6 bats
  2 giant gecko zombies
  7 giant newts
  A jackal zombie (D:7)
  13 kobolds
  4 rats
239 creatures vanquished.

Vanquished Creatures (others)
  17 fulminant prisms
17 creatures vanquished.

Grand Total: 256 creatures vanquished

Notes
Turn   | Place    | Note
-------+----------+-------------------------------------------
     0 | D:1      | Kurtz the Ogre Conjurer began the quest for the Orb.
     0 | D:1      | Reached XP level 1. HP: 16/16 MP: 3/3
   339 | D:1      | Reached XP level 2. HP: 15/24 MP: 5/5
   392 | D:1      | Learned a level 2 spell: Searing Ray
   604 | D:1      | Reached skill level 3 in Spellcasting
   844 | D:2      | Reached XP level 3. HP: 25/31 MP: 0/7
  1071 | D:2      | Found a sacrificial altar of Ru.
  1324 | D:2      | Reached XP level 4. HP: 39/39 MP: 1/9
  1491 | D:2      | Found a blossoming altar of Fedhas.
  1495 | D:2      | Found a bloodstained altar of Trog.
  1496 | D:2      | Found an iron altar of Okawaru.
  1496 | D:2      | Found a hazy altar of Hepliaklqana.
  1497 | D:2      | Found a white marble altar of Elyvilon.
  1500 | D:2      | Found an opulent altar of Gozag.
  1501 | D:2      | Found a shadowy altar of Dithmenos.
  1877 | D:3      | Reached skill level 1 in Maces & Flails
  1877 | D:3      | Reached skill level 4 in Spellcasting
  1951 | D:3      | Reached XP level 5. HP: 40/45 MP: 1/11
  2060 | D:3      | Noticed an orc warrior
  2084 | D:3      | Killed an orc warrior
  2084 | D:3      | Reached skill level 5 in Spellcasting
  2187 | D:3      | Noticed an ogre
  2257 | D:3      | Reached XP level 6. HP: 53/53 MP: 14/14
  2387 | D:3      | Learned a level 4 spell: Iskenderun's Mystic Blast
  2522 | D:3      | Reached skill level 6 in Spellcasting
  2776 | D:3      | Reached XP level 7. HP: 46/59 MP: 8/16
  3246 | D:5      | Entered Level 5 of the Dungeon
  3248 | D:5      | Reached skill level 7 in Spellcasting
  4700 | D:5      | Learned a level 5 spell: Iskenderun's Battlesphere
  4705 | D:5      | Learned a level 4 spell: Fulminant Prism
  4778 | D:5      | Reached XP level 8. HP: 64/67 MP: 7/19
  4868 | D:5      | Reached skill level 8 in Spellcasting
  5390 | D:5      | Reached skill level 9 in Spellcasting
  5577 | D:5      | Reached skill level 5 in Conjurations
  6139 | D:6      | Found a staircase to the Ecumenical Temple.
  6153 | Temple   | Entered the Ecumenical Temple
  6314 | Temple   | Became a worshipper of Vehumet
  6373 | D:6      | Gained mutation: You are agile. (Dex +2) [mutagenic meat]
  6418 | D:6      | Gained mutation: You are surrounded by a mild repulsion field. (EV +2) [mutagenic meat]
  6579 | D:6      | Reached skill level 1 in Staves
  6663 | D:5      | Reached skill level 10 in Spellcasting
  6663 | D:5      | Reached XP level 9. HP: 47/74 MP: 3/23
  7027 | D:6      | Noticed Ijyb
  7030 | D:6      | Killed Ijyb
  7577 | D:4      | Reached * piety under Vehumet
  7577 | D:4      | Offered knowledge of Shock by Vehumet.
  7607 | D:4      | Learned a level 1 spell: Shock
  8762 | D:8      | Noticed Prince Ribbit
  9142 | D:7      | Reached skill level 11 in Spellcasting
  9272 | D:7      | Killed Prince Ribbit
  9835 | D:7      | Offered knowledge of Throw Frost by Vehumet.
  9852 | D:7      | Reached ** piety under Vehumet
 10435 | D:7      | Reached XP level 10. HP: 81/81 MP: 16/25
 10563 | D:7      | Reached skill level 12 in Spellcasting
 10586 | D:7      | Learned a level 3 spell: Gell's Gravitas
 11033 | D:7      | Gained mutation: Your body sometimes deteriorates upon taking damage. [mutagenic meat]
 11040 | D:7      | Gained mutation: You have a pair of small antennae on your head. [mutagenic meat]
 11043 | D:7      | Gained mutation: You have large cloven feet. [mutagenic meat]
 11197 | D:8      | Noticed Gastronok
 11710 | D:8      | Noticed Joseph
 11975 | D:8      | Killed Joseph
 12188 | D:8      | Noticed Psyche
 12199 | D:8      | Killed Psyche
 12389 | D:8      | Identified the Disquisition on Assistive Heat
 12606 | D:8      | Learned a level 3 spell: Ozocubu's Armour
 12612 | D:8      | Learned a level 5 spell: Bolt of Magma
 16183 | D:7      | Reached skill level 13 in Spellcasting
 16200 | D:7      | Noticed a phantasmal warrior
 16968 | D:7      | Killed from afar by Gastronok

Vault maps used:
D:1:      roderic_dead_forest, grunt_decor_mini_mirrors
D:2:      minitemple, nicolae_ru_awakened_eye
D:3:      first_bread
D:4:      kennysheep_the_goblin_king, dk_noncrumbling_3
D:7:      the_bakery
D:8:      uniq_gastronok, uniq_joseph, uniq_psyche, uniq_prince_ribbit1
Temple:   nicolae_temple_figure_eight

Skill      XL: |  1  2  3  4  5  6  7  8  9 10 |
---------------+-------------------------------+-----
Conjurations   | 3 4 5 6 |  6.7
Spellcasting   | 3 4 5 6 7 10 11 13 | 13.0
Maces & Flails | 1 2 3 |  3.3
Staves         | 1 2 3 |  3.3
Fighting       | |  0.6
Dodging        | |  1.8
Stealth        | |  1.5
Air Magic      | |  0.1

Action                   |  1- 3 |  4- 6 |  7- 9 | 10-12 || total
-------------------------+-------+-------+-------+-------++-------
Melee: Unarmed           |    20 |       |       |       ||    20
       Club              |    23 |       |       |       ||    23
       Mace              |    12 |    31 |       |       ||    43
       Giant club        |       |     9 |    17 |       ||    26
       Flail             |       |       |   106 |    95 ||   201
       Staff             |       |       |    22 |       ||    22
       Kick              |       |       |       |    21 ||    21
 Fire: Blowgun           |       |       |       |    24 ||    24
Throw: Tomahawk          |       |       |       |     7 ||     7
 Cast: Magic Dart        |    47 |    61 |   113 |    52 ||   273
       Searing Ray       |     4 |    11 |    30 |     5 ||    50
       Iskenderun's Myst |       |       |    75 |   107 ||   182
       Fulminant Prism   |       |       |     7 |    10 ||    17
       Shock             |       |       |    37 |    17 ||    54
       Iskenderun's Batt |       |       |       |     5 ||     5
       Gell's Gravitas   |       |       |       |     3 ||     3
       Ozocubu's Armour  |       |       |       |     1 ||     1
Evoke: Wand              |       |     6 |     3 |    13 ||    22
  Use: Scroll            |       |       |    14 |     2 ||    16
       Potion            |       |       |     1 |     2 ||     3
 Stab: Paralysed         |       |     3 |       |       ||     3
  Eat: Chunk             |     2 |     5 |    33 |    13 ||    53
       Pizza             |       |       |     1 |       ||     1
       Bread ration      |       |       |       |     2 ||     2
       Beef jerky        |       |       |       |     2 ||     2
       Meat ration       |       |       |       |     1 ||     1
       Fruit             |       |       |       |     1 ||     1
Armor: Robe              |    25 |    25 |   124 |    64 ||   238
Dodge: Dodged            |    51 |    27 |   169 |    86 ||   333
